AoeStats
← Asur

MegaRandom

509333194Analyzed
4v4 RM · 7d ago on Sep 26, 2026· 14m 31s· 8 players
Game mode
Random Map
Map size
Large (8 player)
Population
200
Speed
Normal
Resources
Standard
Victory
Conquest
Starting age
Dark Age
Ending age
Imperial Age
RankedLock teamsTeams togetherTeam positionsShared explorationLock speedFull tech treeHidden civsTurbo modeCheats
Victory
Defeat
🇨🇳 Franks · China
1486
+14
🇦🇷 Khmer · Argentina
1466
+15
🇦🇷 Saracens · Argentina
1423
+17
🇻🇳 Persians · Vietnam
1379
+18
🇫🇷 Tatars · France
1458
-17
🇪🇸 Ethiopians · Spain
1443
-16
🇫🇮 Bengalis · Finland
1442
-16
🇩🇪 Turks · Germany
1421
-15
VaultBoy
0:34 Loom
10:28 Feudal Age
11:01 Double-Bit Axe
12:58 Fletching
NSK.Kalupso
0:32 Loom
10:01 Feudal Age
15:11 Castle Age
13:47 Double-Bit Axe
Asur
0:39 Loom
10:57 Feudal Age
7777777
7:37 Loom
9:57 Feudal Age
Didi
0:54 Loom
10:00 Feudal Age
10:34 Man-at-Arms
致远Deepgame
0:31 Loom
9:05 Feudal Age
10:26 Double-Bit Axe
14:32 Scale Barding Armor
黑糖
0:38 Loom
9:56 Feudal Age
11:13 Double-Bit Axe
11:10 Horse Collar
RoadTo1100
7:23 Loom
10:30 Feudal Age
10:57 Double-Bit Axe
13:11 Horse Collar
Connection lost

Rejoining the realm…

Still unreachable

The connection could not be restored.

Session expired

The server has moved on; the page needs a fresh start.